 Dungeon Crawl Stone Soup version 0.28.0-53-g5a82cb258f (webtiles) character file.

Game seed: 9190124774598328178

50 Zeld the Magician (level 3, -4/19 HPs)
             Began as a Deep Elf Fire Elementalist on May 22, 2022.
             Slain by Sigmund
             ... wielding a +0 scythe
              (11 damage)
             ... on level 2 of the Dungeon.
             The game lasted 00:01:10 (1852 turns).

Zeld the Magician (Deep Elf Fire Elementalist)      Turns: 1852, Time: 00:01:11

Health: -4/19      AC:  2    Str:  5    XL:     3   Next: 55%
Magic:  10/10      EV: 13    Int: 21    God:
Gold:   70         SH:  0    Dex: 15    Spells: 4/10 levels left

rFire   . . .      SeeInvis .   (no weapon)
rCold   . . .      Faith    .   (no shield)
rNeg    . . .      Spirit   .   a - +0 robe
rPois   .          Reflect  .   (no helmet)
rElec   .          Harm     .   (no cloak)
rCorr   .          Rampage  .   (no gloves)
Will    .....                   (no boots)
Stlth   +.........              (no amulet)
HPRegen 0.06/turn               (no ring)
MPRegen 0.12/turn               (no ring)

@: confused
A: no striking features
a: no special abilities


You were on level 2 of the Dungeon.
You visited 1 branch of the dungeon, and saw 2 of its levels.

You collected 70 gold pieces.

Inventory:

Armour
 a - a +0 robe (worn)
Scrolls
 b - a scroll of magic mapping {unknown}
 c - a scroll of amnesia {unknown}
 e - a scroll of enchant armour {unknown}
 f - a scroll of fear {unknown}
Potions
 d - a potion of invisibility {unknown}
 g - a potion of degeneration {unknown}


   Skills:
 + Level 2.9 Dodging
 - Level 2.4 Stealth
 * Level 4.0 Spellcasting
 + Level 1.8 Conjurations
 + Level 0.0 Hexes
 * Level 3.9 Fire Magic


You had 4 spell levels left.
You knew the following spells:

 Your Spells              Type           Power      Damage    Failure   Level
a - Foxfire               Conj/Fire      64%        2x1d7     3%          1
b - Scorch                Fire           40%        2d7       3%          2
c - Inner Flame           Hex/Fire       12%        N/A       16%         3

Your spell library contained the following spells:

 Spells                   Type           Power      Damage    Failure   Level
 Conjure Flame            Conj/Fire      16%        6-21      11%         3
 Flame Wave               Conj/Fire      16%        2d6       34%         4


Dungeon Overview and Level Annotations

Branches:
Dungeon (2/15)

Altars:
Beogh

Annotations:
D:2 1 runed translucent door, Crazy Yiuf, Sigmund


Message History

This spell is extremely dangerous to cast!
Memorise Inner Flame, consuming 3 spell levels and leaving 4?
You start memorising the spell.
You continue memorising. x3
You finish memorising.
Spell assigned to 'c'.
Magic restored.
Found an escape hatch in the ceiling.
Found a stone staircase leading down.
g - a lumpy orange potion No target in view!
Found a mace.
Found a runed translucent door.
No target in view!
No target in view!
Crazy Yiuf shouts!
Crazy Yiuf says, "Hack fast koolooloo!"
Key pressed, stopping explore.
Casting: Scorch (safe; 3% risk of failure)
Confirm with . or Enter, or press ? or * to list all spells.
You can't see any susceptible monsters within range! (Use Z to cast anyway.) Sigmund the Dreaded comes into view.
He is wielding a +0 scythe.
Sigmund shouts!
An adder comes into view.
The adder hisses angrily.
A goblin comes into view. It is wielding a +0 dagger.
There are monsters nearby!
Sigmund mumbles some strange words.
Sigmund flickers and vanishes!
Deactivating autopickup; reactivate with Ctrl-A.
The adder bites you.
You are poisoned.
The adder poisons you!
You feel sick.
You are confused.
You feel sick. The adder bites you but does no damage.
You feel sick. The adder barely misses you. The adder bites you.
You miss the adder.
You feel sick. The adder bites you.
You miss the adder.
You feel sick.
You are no longer poisoned.
The adder bites you. Something hits you!
Ouch! That really hurt!
You die...

##..#####..#..##..........
#....#
##..#..##.##########
#....#
#...................
##...#
##.................. ##.##
#..#..##.#########. ##.#
##..#.....# #.##
#.........# ##.#
##S.#...### #.## ##.@#...#
#+# #...#...# ...
#...#...# #...# #...#...#
#)..# #....)..##### #####
#............
#.#<.†.######
############..#
#....(........#


You could see an adder.

Vanquished Creatures
  Natasha (D:2)
  A dart slug (D:1)
  2 endoplasms
  2 giant cockroaches (D:1)
  3 goblins (D:1)
  A hobgoblin (D:1)
  3 jackals (D:1)
  4 quokkas (D:1)
  A bat (D:1)
  2 frilled lizards (D:1)
  A kobold (D:2)
  A rat (D:1)
22 creatures vanquished.

Vanquished Creatures (others)
  87 foxfires (D:1)
87 creatures vanquished.

Grand Total: 109 creatures vanquished

Notes
Turn   | Place    | Note
-------+----------+-------------------------------------------
     0 | D:1      | Zeld the Deep Elf Fire Elementalist began the quest for the
                  | Orb.
     0 | D:1      | Reached XP level 1. HP: 10/10 MP: 6/6
   291 | D:1      | Found a faded altar of an unknown god.
   695 | D:1      | Reached XP level 2. HP: 15/15 MP: 4/8
   845 | D:1      | Learned a level 2 spell: Scorch
  1663 | D:2      | Noticed Natasha
  1667 | D:2      | Killed Natasha
  1668 | D:2      | Reached skill level 4 in Spellcasting
  1668 | D:2      | Reached XP level 3. HP: 19/19 MP: 2/10
  1680 | D:2      | Learned a level 3 spell: Inner Flame
  1781 | D:2      | Found a runed translucent door.
  1782 | D:2      | Noticed Crazy Yiuf
  1831 | D:2      | Noticed Sigmund
  1852 | D:2      | Slain by Sigmund

Illustrated notes

Levels and vault maps discovered:
D:1:      heliophobic_arrival_ceremonial_halls, layout_loops_corners,
          hellmonk_ecumenical_altar_defaced_shrine, minmay_misc_feat_chi
D:2:      kennysheep_big_flooded_room, layout_basic, uniq_crazy_yiuf_cottage,
          uniq_sigmund, uniq_natasha

Skill      XL: |  1  2 |
---------------+-------+-----
Spellcasting   | 4 |  4.0
Dodging        | |  2.9
Stealth        | |  2.4
Conjurations   | |  1.8
Fire Magic     | |  3.9

Action                   || total
-------------------------++-------
Melee: Unarmed           ||    18
 Cast: Foxfire           ||    56
       Scorch            ||    15
 Stab: Sleeping          ||     1
Armor: Robe              ||     3
Dodge: Dodged            ||    21
